 Dungeon Crawl Stone Soup version 0.20.0-10-g0535bb4 (webtiles) character file.

42 Monsterracer the Chopper (level 3, 0/29 HPs)
             Began as a Formicid Monk on June 3, 2017.
             Slain by a gnoll
             ... wielding a +0 club
              (8 damage)
             ... on level 1 of the Dungeon.
             The game lasted 00:03:24 (1810 turns).

Monsterracer the Chopper (Formicid Monk)            Turns: 1810, Time: 00:03:25

Health: 0/29       AC:  3    Str: 14 (15) XL:     3   Next: 77%
Magic:  3/3        EV: 13    Int: 11      God:
Gold:   94         SH:  0    Dex: 14      Spells: 2/2 levels left

rFire    . . .     SeeInvis +   a - +0 hand axe
rCold    . . .     Gourm    .   (no shield)
rNeg     . . .     Faith    .   b - +0 robe
rPois    .         Spirit   .   (helmet unavailable)
rElec    .         Reflect  .   (no cloak)
rCorr    .         Harm     .   (no gloves)
MR       .....                  (no boots)
Stlth    ++........             (no amulet)
Regen    0.1/turn               (no ring)
MPRegen  0.1/turn               (no ring)

@: no status effects
A: permanent stasis, dig shafts and tunnels, four strong arms, antennae 3,
hooves 1, clever 1, deterioration 1, shaggy fur 1
a: Dig, Shaft Self


You were on level 1 of the Dungeon.
You were hungry.

You visited 1 branch of the dungeon, and saw 2 of its levels.

You collected 94 gold pieces.

Inventory:

Hand Weapons
 a - a +0 hand axe (weapon)
Armour
 b - a +0 robe (worn)
Scrolls
 d - 2 scrolls of identify {unknown}
 e - a scroll of fear {unknown}
 f - a scroll of recharging {unknown}
 h - a scroll of remove curse {unknown}
 i - a scroll of teleportation {unknown}
Comestibles
 c - 3 bread rations


   Skills:
 - Level 3.2 Fighting
 + Level 4.4 Axes
 - Level 2.6 Dodging
 - Level 2.4 Stealth


You had 2 spell levels left.
You didn't know any spells.

Dungeon Overview and Level Annotations

Branches:
Dungeon (2/15)

Altars:


Innate Abilities, Weirdness & Mutations

You cannot be hasted, slowed, berserked, paralysed or teleported.
You can dig through walls and to a lower floor.
Your four strong arms can wield two-handed weapons with a shield.
You have a pair of large antennae on your head. (SInv)
You have large cloven feet.
Your mind is acute. (Int +2)
Your body sometimes deteriorates upon taking damage.
You are covered in fur. (AC +1)


Message History

Orders for allies: a - Attack new target. r - Retreat! s - Stop attacking. g - Guard the area. f - Follow me.
Anything else - Cancel.
Okay, then.
The gnoll hits you with a club!
* * * LOW HITPOINT WARNING * * *
The gnoll closely misses you. x2
The gnoll closely misses you.
The gnoll shouts!
You see here a frilled lizard skeleton.
There is a stone staircase leading down here.
There is a stone staircase leading up here.
The gnoll closely misses you.
You climb upwards.
There is a stone staircase leading down here.
You hit the gnoll. You kick the gnoll, but do no damage.
The gnoll is moderately wounded.
The gnoll hits you with a club!
You die...

#.# #.#
############.####.#
#............##...#
#........##..##...#
#.........#..##...#
##........#####...#
#................#
#.g.....(#####...###
#..@................
#...................
####+#.#.##.....####
#.#.#........#
#.#.#.......#####
#####.#.#............
#........#...........
#.............)......
#........#...........


You could see a gnoll.

Vanquished Creatures
  2 dart slugs (D:1)
  2 leopard geckos (D:1)
  2 bats
  3 giant cockroaches (D:1)
  2 goblins
  9 hobgoblins
  3 jackals (D:1)
  3 frilled lizards
  4 kobolds (D:1)
  2 rats (D:1)
32 creatures vanquished.

Notes
Turn   | Place    | Note
-------+----------+-------------------------------------------
     0 | D:1      | Monsterracer the Formicid Monk began the quest for the Orb.
     0 | D:1      | Reached XP level 1. HP: 18/18 MP: 1/1
   381 | D:1      | Reached XP level 2. HP: 24/24 MP: 2/2
   405 | D:1      | Gained mutation: Your mind is acute. (Int +2) [potion of mutation]
   405 | D:1      | Gained mutation: You have large cloven feet. [potion of mutation]
   405 | D:1      | Gained mutation: Your body sometimes deteriorates upon taking damage. [potion of mutation]
   405 | D:1      | Gained mutation: You are covered in fur. (AC +1) [potion of mutation]
   810 | D:1      | Reached skill level 4 in Axes
   810 | D:1      | Reached XP level 3. HP: 28/29 MP: 3/3
  1810 | D:1      | Slain by a gnoll

Skill      XL: |  1  2 |
---------------+-------+-----
Axes           | 4 |  4.4
Fighting       | |  3.2
Dodging        | |  2.6
Stealth        | |  2.4

Action                   || total
-------------------------++-------
Melee: Hand axe          ||   111
       Kick              ||    17
  Use: Potion            ||     3
 Stab: Sleeping          ||     2
  Eat: Chunk             ||     2
Armor: Robe              ||    21
Dodge: Dodged            ||    67
